 Dungeon Crawl Stone Soup version 0.29-a0-553-g81b289dbe5 (webtiles) character file.

Game seed: 16907985773540729376

87 CryoSword the Bolt Thrower (level 4, -1/33 HPs)
             Began as a Formicid Hunter on June 7, 2022.
             Killed by divine providence
             ... invoked by an orc priest
              (11 damage)
             ... on level 3 of the Dungeon.
             The game lasted 00:03:07 (1453 turns).

CryoSword the Bolt Thrower (Formicid Hunter)        Turns: 1453, Time: 00:03:08

Health: -1/33      AC:  3    Str: 22    XL:     4   Next: 80%
Magic:  4/4        EV: 12    Int:  8    God:
Gold:   59         SH:  0    Dex: 16    Spells: 3/3 levels left

rFire   . . .      SeeInvis +   a - +1 hand crossbow
rCold   . . .      Faith    .   (no shield)
rNeg    . . .      Spirit   .   b - +0 leather armour
rPois   .          Reflect  .   (helmet unavailable)
rElec   .          Harm     .   (no cloak)
rCorr   .          Rampage  .   (no gloves)
Will    .....                   (no boots)
Stlth   ++........              (no amulet)
HPRegen 0.11/turn               h - +6 ring of strength
MPRegen 0.09/turn               (no ring)

@: no status effects
A: permanent stasis, dig shafts and tunnels, antennae 3, four strong arms
a: Dig, Shaft Self


You were on level 3 of the Dungeon.
You visited 1 branch of the dungeon, and saw 3 of its levels.

You collected 59 gold pieces.

Inventory:

Hand Weapons
 a - a +1 hand crossbow (weapon)
 k - a +1 short sword of holy wrath
   (You took it off a kobold on level 1 of the Dungeon)
Missiles
 d - 2 poisoned darts
Armour
 b - a +0 leather armour (worn)
 o - a +0 scale mail
   (You found it on level 2 of the Dungeon)
Jewellery
 h - a +6 ring of strength (left hand)
   (You took it off a kobold on level 1 of the Dungeon)
Scrolls
 c - a scroll of immolation {!r}
 f - 4 scrolls of identify {unknown}
 j - a scroll of fear {unknown}
 l - a scroll of torment {unknown}
 p - a scroll of fog {unknown}
Potions
 e - a potion of invisibility {unknown}
 g - a potion of experience {unknown}
 i - a potion of brilliance {unknown}
 m - a potion of heal wounds {unknown}
 n - a potion of curing {unknown}


   Skills:
 - Level 2.1 Fighting
 + Level 5.8 Crossbows
 - Level 1.7 Dodging
 - Level 1.2 Stealth


You had 3 spell levels left.
You didn't know any spells.
Your spell library contained the following spells:

 Spells                   Type           Power      Damage    Failure   Level
 Shock                    Conj/Air       0%         1d3       45%         1
 Airstrike                Air            0%         N/A       99%         4
 Swiftness                Air            Unusable   N/A       N/A         3

Dungeon Overview and Level Annotations

Branches:
Dungeon (3/15)

Altars:

Annotations:
D:3 Jessica


Innate Abilities, Weirdness & Mutations

You cannot be hasted, slowed, berserked, paralysed or teleported.
You can dig through walls and to a lower floor.
You have a pair of large antennae on your head. (SInv)
Your four strong arms can wield two-handed weapons with a shield.


Message History

You shoot a bolt. The bolt hits the frilled lizard.
You kill the frilled lizard!
No target in view!
No target in view!
A bat comes into view.
A bat is nearby!
A bat is nearby!
You shoot a bolt. The bolt barely misses the bat.
You shoot a bolt. The bolt barely misses the bat.
The bat hits you but does no damage.
You shoot a bolt. The bolt hits the bat.
You kill the bat!
No target in view!
You see here a bat corpse.
You sense a monster nearby.
A worm comes into view.
A worm is nearby!
You shoot a bolt. The bolt hits the worm.
You shoot a bolt. The bolt hits the worm.
You shoot a bolt. The bolt hits the worm!
You shoot a bolt. The bolt hits the worm.
You shoot a bolt. The bolt hits the worm.
You shoot a bolt. The bolt barely misses the worm.
The worm barely misses you.
You shoot a bolt. The bolt barely misses the worm.
You shoot a bolt. The bolt hits the worm!
You kill the worm!
No target in view!
Done exploring.
Done exploring.
Done exploring.
Done exploring.
There is a stone staircase leading down here.
You climb downwards.
You hear the sound of rushing water.
There is an entrance to a sewer on this level.
Hurry and find it before the portal rusts away!
There is a stone staircase leading up here.
A quokka is nearby!
You shoot a bolt.
The bolt hits the quokka but does no damage.
You shoot a bolt. The bolt hits the quokka!
You kill the quokka!
No target in view!
No target in view!
An orc comes into view. It is wielding a +0 mace.
Found a stone staircase leading up.
An orc is nearby!
An orc is nearby!
You shoot a bolt. The bolt hits the orc!
You kill the orc!
No target in view!
No target in view!
A bat comes into view.
A bat is nearby!
You shoot a bolt. The bolt hits the bat.
You kill the bat!
No target in view!
No target in view!
There is a stone staircase leading up here.
You now have 29 gold pieces (gained 2).
Found a ring mail.
You sense a monster nearby.
No target in view!
No target in view!
No target in view!
You now have 46 gold pieces (gained 17).
You sense a monster nearby.
No target in view!
No target in view!
You sense a monster nearby.
You hear the slow rusting of a very distant drain.
Found a plate armour.
You see here a +0 plate armour.
Found a short sword.
A ball python comes into view.
You shoot a bolt. The bolt hits the ball python.
You kill the ball python!
No target in view!
No target in view!
A ball python comes into view.
The ball python moves out of view.
No target in view!
Found 13 gold pieces.
The ball python hisses angrily.
You shoot a bolt. The bolt barely misses the ball python.
The ball python barely misses you. The ball python grabs you.
The ball python constricts you.
You shoot a bolt.
The bolt hits the ball python but does no damage.
The ball python misses you. The ball python constricts you.
You shoot a bolt. The bolt hits the ball python!
You kill the ball python!
No target in view!
You now have 59 gold pieces (gained 13).
You hear the slow rusting of a distant drain.
An orc comes into view. It is wielding a +0 falchion.
Found a stone staircase leading down.
Jessica, an orc and an orc priest come into view.
Jessica shouts!
The orc priest shouts!
You hear a shout!
The orc shouts!
The orc priest invokes the aid of Beogh against you.
Beogh smites you!
An orc comes into view. It is wielding a +0 dagger.
The orc moves out of view.
You shoot a bolt. The bolt hits the orc.
The orc hits you with a +0 dagger.
Shoot: a) +1 hand crossbow
Aim: an orc, wielding a +0 dagger (heavily wounded, 65% to hit)
You shoot a bolt. The bolt hits the orc.
The orc barely misses you.
A frilled lizard comes into view.
Shoot: a) +1 hand crossbow
Aim: an orc, wielding a +0 dagger (65% to hit)
You shoot a bolt. The frilled lizard hisses angrily.
The bolt hits the orc.
You kill the orc!
Jessica casts a spell at you.
You barely resist.
Shoot: a) +1 hand crossbow
Aim: an orc, wielding a +0 dagger (65% to hit)
You shoot a bolt. The bolt hits the orc.
A ball python comes into view.
Shoot: a) +1 hand crossbow
Aim: an orc, wielding a +0 dagger (lightly wounded, 65% to hit)
You shoot a bolt. The bolt barely misses the orc.
The bolt hits Jessica.
The orc hits you with a +0 dagger.
Jessica says, "I'm really upset."
The orc hits you with a +0 dagger.
Shoot: a) +1 hand crossbow
Aim: an orc priest, wielding a +0 hand axe and wearing a +0 leather armour (65% to hit)
You shoot a bolt. The bolt hits the orc.
You kill the orc!
Shoot: a) +1 hand crossbow
Aim: an orc priest, wielding a +0 hand axe and wearing a +0 leather armour (65% to hit)
You shoot a bolt.
The bolt hits Jessica but does no damage.
Jessica hits you with a +0 dagger.
* * * LOW HITPOINT WARNING * * *
Shoot: a) +1 hand crossbow
Aim: an orc priest, wielding a +0 hand axe and wearing a +0 leather armour (65% to hit)
You shoot a bolt. The bolt closely misses Jessica.
The bolt hits the orc priest.
The orc priest begins to cast a cantrip, but forgets the words!
Jessica hits you with a +0 dagger.
* * * LOW HITPOINT WARNING * * *
Shoot: a) +1 hand crossbow
Aim: an orc priest, wielding a +0 hand axe and wearing a +0 leather armour (moderately wounded, 65% to hit)
You shoot a bolt. The bolt hits Jessica.
Jessica hits you but does no damage. Jessica completely misses you.
The orc priest invokes the aid of Beogh against you.
Beogh smites you!
You die...

#.#
#....####.#.
#.# .....#
#.#. #.#
..#### #.#.
#.# ..# #.#.
#.# .# #.
#.##### . ..
#.....# ..
#. #####.#
#... #@#
....
#@#{.#...
#ol......
#.#.#....
#..... ..
#.#.#...
.........
#.. .{...
#>. ##.##


You could see an orc priest, Jessica and a frilled lizard.

Vanquished Creatures
  2 worms (D:2)
  3 dart slugs
  3 orcs (D:3)
  2 endoplasms
  7 giant cockroaches
  4 goblins (D:1)
  6 hobgoblins
  4 jackals (D:1)
  8 kobolds
  3 quokkas
  11 ball pythons
  3 bats
  5 frilled lizards (D:2)
  6 rats
67 creatures vanquished.

Vanquished Creatures (others)
  16 plants (D:1)
16 creatures vanquished.

Grand Total: 83 creatures vanquished

Notes
Turn   | Place    | Note
-------+----------+-------------------------------------------
     0 | D:1      | CryoSword the Formicid Hunter began the quest for the Orb.
     0 | D:1      | Reached XP level 1. HP: 16/16 MP: 1/1
    31 | D:1      | Found a faded altar of an unknown god.
    68 | D:1      | Reached XP level 2. HP: 22/22 MP: 2/2
   399 | D:1      | Reached XP level 3. HP: 27/27 MP: 3/3
   478 | D:1      | Reached skill level 5 in Crossbows
   859 | D:2      | Reached XP level 4. HP: 33/33 MP: 4/4
  1442 | D:3      | Noticed Jessica
  1453 | D:3      | Killed from afar by an orc priest

Illustrated notes

Levels and vault maps discovered:
D:1:      dpeg_arrival_lava_altar, layout_basic,
          hellmonk_ecumenical_altar_run_dry, serial_bayou_lagoon_a,
          minmay_tree_intersection, minmay_worlds_worst_comb
D:2:      layout_rooms
D:3:      minmay_goblin_kobold_castle, layout_loops_ring, portal_sewer_entry_e,
          hangedman_decor_clover_reticule, minmay_fractal_squares_gapless_5,
          uniq_jessica, uniq_natasha, uniq_sigmund

Skill      XL: |  1  2  3 |
---------------+----------+-----
Crossbows      | 5 |  5.8
Fighting       | |  2.1
Dodging        | |  1.7
Stealth        | |  1.2

Action                   |  1- 3 |  4- 6 || total
-------------------------+-------+-------++-------
 Fire: Hand crossbow     |   101 |    72 ||   173
Armor: Leather armour    |    20 |     2 ||    22
Dodge: Dodged            |    30 |     7 ||    37

Table legend: (Time is in decaauts)
 A = Elapsed time spent in this place.
 B = Non-inter-level travel time spent in this place.
 C = Inter-level travel time spent in this place.
 D = Time resting spent in this place.
 E = Time spent auto-exploring this place.
 F = Levels seen in this place.
 G = Mean time per level.
                   A        B        C        D        E       F      G
               +--------+--------+--------+--------+--------+-----+--------+
         Total |   1505 |   1484 |     21 |    108 |    904 |   3 |  501.7 |
       Dungeon |   1505 |   1484 |     21 |    108 |    904 |   3 |  501.7 |
               +--------+--------+--------+--------+--------+-----+--------+

Top non-repeatable levels by time:
     D:1: 885 daAuts
     D:2: 491 daAuts
     D:3: 127 daAuts
